Map: Ever Dream LE

Players

AgoElazer (Elazer)

  • Race: Zerg Zerg
  • Spawn Location: 1:00

soO - Winner!

  • Race: Zerg Zerg
  • Spawn Location: 7:00

Event: Shopify TSL 5

VOD

Have the link to the VOD?

Description

Time

  • Played on: May 31, 2020, 9:32 a.m.
  • Length: 2:25

All games in this series

Show
View Real Time Build Order
Export as new Build Order

AgoElazer Zerg 

Build Orders: Hatch First 

Get SALT Encoding   

  12  0:00  Drone  
  13  0:12  Overlord  
  13  0:17  Drone  
  14  0:30  Drone x2  
  16  0:48  Hatchery  
  15  0:51  Drone  
  15  0:55  Drone  
  17  0:58  Drone  
  18  1:09  Extractor  
  17  1:13  Spawning Pool  
  17  1:17  Drone  
  17  1:20  Drone  
  18  1:28  Drone  
  20  1:40  Evolution Chamber  
  20  1:41  Hatchery  
  19  1:48  Evolution Chamber  
  19  1:51  Hatchery  
  17  2:00  Zergling x6  
Show
View Real Time Build Order
Export as new Build Order

soO Zerg - Winner!

Build Orders: Pool Only 

Get SALT Encoding   

  12  0:17  Spawning Pool  
  11  0:22  Drone  
  11  0:25  Drone  
  13  0:30  Drone  
  14  0:38  Overlord  
  14  1:04  Zergling x4  
  14  1:05  Zergling x2  
  17  1:16  Zergling x2  
  18  1:27  Zergling x2  
  19  1:38  Zergling x2  
  20  1:49  Zergling x2  
  21  2:02  Spine Crawler  
Tags
 
Add a new tag
Caveats
  • Supply blocks, unpowered buildings, or Contaminate may cause inaccurate times.
  • Supply counts are checked every 10 seconds.